NWL (28 & UNDER)
RIVERSIDE RED BULLS @ SAN DIEGO SMASHERS
08/29/2028
 
TOP OF THE 1ST
Riverside Red Bulls batting - Pitching for San Diego Smashers : LHP Nesto Pérez
Pitching: LHP Nesto Pérez
Batting: RHB Lakota O'Reilly 0-0: Foul Ball, location: 2F
0-1: Swinging Strike
0-2: Ball
1-2: Strikes out swinging
Batting: RHB Adam Davis 0-0: Swinging Strike
0-1: Called Strike
0-2: Strikes out swinging
Batting: RHB Brandon Pope 0-0: Ball
1-0: Ground out 6-3 (Groundball, 56)
Top of the 1st over - 0 run(s), 0 hit(s), 0 error(s), 0 left on base; Riverside 0 - San Diego 0
BOTTOM OF THE 1ST
San Diego Smashers batting - Pitching for Riverside Red Bulls : RHP Máximo Salazar
Pitching: RHP Máximo Salazar
Batting: LHB Dale Miller 0-0: Ball
1-0: Ball
2-0: Ball
3-0: Base on Balls
Batting: RHB Gerald Davis 0-0: Ball
Dale Miller is caught stealing 2nd base
1-0: Called Strike
1-1: Called Strike
1-2: SINGLE (Groundball, 34D)
Batting: RHB Fred Ameris 0-0: Called Strike
Gerald Davis is caught stealing 2nd base
0-1: Swinging Strike
0-2: Ball
1-2: SINGLE (Line Drive, 6)
Batting: RHB Javier González 0-0: Ball
1-0: Called Strike
1-1: Ball
2-1: Ball
3-1: Base on Balls
Fred Ameris to second
Batting: LHB Michael Myers 0-0: Ball
Wild Pitch!
Fred Ameris to third
Javier González to second
1-0: Ball
2-0: Ball
3-0: Base on Balls
Batting: RHB Ray Rogers 0-0: Ball
1-0: Called Strike
1-1: Ball
2-1: Swinging Strike
2-2: Strikes out looking
Bottom of the 1st over - 0 run(s), 2 hit(s), 0 error(s), 3 left on base; Riverside 0 - San Diego 0
TOP OF THE 2ND
Riverside Red Bulls batting - Pitching for San Diego Smashers : LHP Nesto Pérez
Batting: SHB Enrique Uribe 0-0: Ball
1-0: Swinging Strike
1-1: Ground out 6-3 (Groundball, 6)
Batting: RHB Glenn Broadwater 0-0: Called Strike
0-1: Ball
1-1: Foul Ball, location: 2F
1-2: Foul Ball, location: 2F
1-2: Ground out 1-3 (Groundball, 15)
Batting: RHB Patrick Daniels 0-0: Called Strike
0-1: Foul Ball, location: 2F
0-2: Ball
1-2: Foul Ball, location: 2F
1-2: SINGLE (Flyball, 7S)
Batting: RHB Luis Bustamante 0-0: Called Strike
0-1: Foul Ball, location: 2F
0-2: Strikes out swinging
Top of the 2nd over - 0 run(s), 1 hit(s), 0 error(s), 1 left on base; Riverside 0 - San Diego 0
BOTTOM OF THE 2ND
San Diego Smashers batting - Pitching for Riverside Red Bulls : RHP Máximo Salazar
Batting: RHB Manny Torrez 0-0: Ball
1-0: Fly out, F5 (Line Drive, 5L)
Batting: RHB Gustavo Torres 0-0: Foul Ball, location: 2F
0-1: Ball
1-1: Ball
2-1: Foul Ball, location: 2F
2-2: Ground out 5-3 (Groundball, 56S)
Batting: RHB José Oliveira 0-0: Ball
1-0: Ball
2-0: Foul Ball, location: 2F
2-1: SINGLE (Groundball, 56D)
Batting: LHB Dale Miller 0-0: Ball
1-0: Ball
2-0: Fly out, F5 (Line Drive, 56)
Bottom of the 2nd over - 0 run(s), 1 hit(s), 0 error(s), 1 left on base; Riverside 0 - San Diego 0
TOP OF THE 3RD
Riverside Red Bulls batting - Pitching for San Diego Smashers : LHP Nesto Pérez
Batting: LHB José Arce 0-0: Swinging Strike
0-1: Swinging Strike
0-2: Ball
1-2: Strikes out looking
Batting: RHB Gilberto Tovar 0-0: Ball
1-0: Ball
2-0: Called Strike
2-1: Ground out 6-3 (Groundball, 6)
Batting: RHB Lakota O'Reilly 0-0: Ball
1-0: Ball
2-0: Ball
3-0: Called Strike
3-1: Base on Balls
Batting: RHB Adam Davis 0-0: Called Strike
0-1: Ball
Passed Ball!
Lakota O'Reilly to second
1-1: Ball
2-1: Foul Ball, location: 2F
2-2: Foul Ball, location: 2F
2-2: Foul Ball, location: 2F
2-2: SINGLE (Groundball, 6MD)
Lakota O'Reilly to third
Runner from 3rd tries for Home, SAFE, no throw
Batting: RHB Brandon Pope 0-0: Foul Ball, location: 2F
0-1: Fly out, F9 (Flyball, 9LM)
Top of the 3rd over - 1 run(s), 1 hit(s), 0 error(s), 1 left on base; Riverside 1 - San Diego 0
BOTTOM OF THE 3RD
San Diego Smashers batting - Pitching for Riverside Red Bulls : RHP Máximo Salazar
Batting: RHB Gerald Davis 0-0: Foul Ball, location: 2F
0-1: Ball
1-1: Ground out 4-3 (Groundball, 4)
Batting: RHB Fred Ameris 0-0: Called Strike
0-1: Ground out 4-3 (Groundball, 34)
Batting: RHB Javier González 0-0: Called Strike
0-1: Ball
1-1: Ball
2-1: Foul Ball, location: 2F
2-2: Ground out 1-3 (Groundball, 13S)
Bottom of the 3rd over - 0 run(s), 0 hit(s), 0 error(s), 0 left on base; Riverside 1 - San Diego 0
TOP OF THE 4TH
Riverside Red Bulls batting - Pitching for San Diego Smashers : LHP Nesto Pérez
Batting: SHB Enrique Uribe 0-0: Called Strike
0-1: SINGLE (Groundball, 6S) (infield hit)
Batting: RHB Glenn Broadwater 0-0: Ball
1-0: SINGLE (Groundball, 56D)
Enrique Uribe to second
Batting: RHB Patrick Daniels 0-0: Ground out 3-1 (Groundball, 23)
Enrique Uribe to third
Glenn Broadwater to second
Batting: RHB Luis Bustamante 0-0: Ball
1-0: Ball
2-0: Called Strike
2-1: Ball
3-1: Foul Ball, location: 2F
3-2: Fly out, F8 (Line Drive, 8LM)
Runner from 3rd tags up, SCORES, no throw
Batting: LHB José Arce 0-0: Ball
1-0: Fly out, F7 (Flyball, 7LSF)
Top of the 4th over - 1 run(s), 2 hit(s), 0 error(s), 1 left on base; Riverside 2 - San Diego 0
BOTTOM OF THE 4TH
San Diego Smashers batting - Pitching for Riverside Red Bulls : RHP Máximo Salazar
Batting: LHB Michael Myers 0-0: Ball
1-0: Fly out, F7 (Flyball, 7)
Batting: RHB Ray Rogers 0-0: Ball
1-0: Called Strike
1-1: Ball
2-1: Swinging Strike
2-2: Strikes out looking
Batting: RHB Manny Torrez 0-0: Ground out U3 (Groundball, 34)
Bottom of the 4th over - 0 run(s), 0 hit(s), 0 error(s), 0 left on base; Riverside 2 - San Diego 0
TOP OF THE 5TH
Riverside Red Bulls batting - Pitching for San Diego Smashers : LHP Nesto Pérez
Batting: RHB Gilberto Tovar 0-0: Ball
1-0: Ball
2-0: Ball
3-0: Base on Balls
Batting: RHB Lakota O'Reilly 0-0: Ball
1-0: Ball
2-0: SINGLE (Groundball, 34D)
Gilberto Tovar to second
Runner from 2nd tries for 3rd, SAFE, throw made to third
Batting: RHB Adam Davis 0-0: Ball
1-0: Called Strike
Lakota O'Reilly is caught stealing 2nd base
1-1: Foul Ball, location: 2F
1-2: Ball
2-2: Strikes out swinging
Batting: RHB Brandon Pope 0-0: Swinging Strike
0-1: Foul Ball, location: 2F
0-2: Ball
1-2: Ball
2-2: Fly out, F8 (Flyball, 8RM)
Top of the 5th over - 0 run(s), 1 hit(s), 0 error(s), 1 left on base; Riverside 2 - San Diego 0
BOTTOM OF THE 5TH
San Diego Smashers batting - Pitching for Riverside Red Bulls : RHP Máximo Salazar
Batting: RHB Gustavo Torres 0-0: Ball
1-0: Ground out 6-3 (Groundball, 6)
Batting: RHB José Oliveira 0-0: Ball
1-0: Swinging Strike
1-1: Ball
2-1: Ground out 6-3 (Groundball, 6M)
Batting: LHB Dale Miller 0-0: Ball
1-0: Ball
2-0: Ball
3-0: Called Strike
3-1: Base on Balls
Batting: RHB Gerald Davis 0-0: Ball
1-0: Ball
2-0: Foul Ball, location: 2F
2-1: Fly out, F7 (Flyball, 7S)
Bottom of the 5th over - 0 run(s), 0 hit(s), 0 error(s), 1 left on base; Riverside 2 - San Diego 0
TOP OF THE 6TH
Riverside Red Bulls batting - Pitching for San Diego Smashers : LHP Nesto Pérez
Batting: SHB Enrique Uribe 0-0: Called Strike
0-1: Ground out 6-3 (Groundball, 6)
Batting: RHB Glenn Broadwater 0-0: Ball
1-0: Foul Ball, location: 2F
1-1: Swinging Strike
1-2: Ground out 6-3 (Groundball, 56)
Batting: RHB Patrick Daniels 0-0: Ball
1-0: Ball
2-0: Called Strike
2-1: SINGLE (Groundball, 56D)
Batting: RHB Luis Bustamante 0-0: Ball
1-0: Called Strike
1-1: Ball
2-1: Called Strike
2-2: Fly out, F5 (Line Drive, 5)
Top of the 6th over - 0 run(s), 1 hit(s), 0 error(s), 1 left on base; Riverside 2 - San Diego 0
BOTTOM OF THE 6TH
San Diego Smashers batting - Pitching for Riverside Red Bulls : RHP Máximo Salazar
Batting: RHB Fred Ameris 0-0: Hit by Pitch
Batting: RHB Javier González 0-0: Called Strike
0-1: 2-RUN HOME RUN (Line Drive, 7LD), Distance : 321 ft
Batting: LHB Michael Myers 0-0: Ball
1-0: Called Strike
1-1: Called Strike
1-2: Strikes out looking
Batting: RHB Ray Rogers 0-0: Called Strike
0-1: Ball
1-1: Called Strike
1-2: Foul Ball, location: 2F
1-2: Ball
2-2: Strikes out swinging, 2-3 out at first.
Batting: RHB Manny Torrez 0-0: Ball
1-0: Ball
2-0: Ball
3-0: Base on Balls
Batting: RHB Gustavo Torres 0-0: Ball
1-0: Ball
2-0: Swinging Strike
2-1: Swinging Strike
2-2: Strikes out swinging
Bottom of the 6th over - 2 run(s), 1 hit(s), 0 error(s), 1 left on base; Riverside 2 - San Diego 2
TOP OF THE 7TH
Riverside Red Bulls batting - Pitching for San Diego Smashers : LHP Nesto Pérez
Batting: LHB José Arce 0-0: Swinging Strike
0-1: Ball
1-1: Ball
2-1: Ball
3-1: Base on Balls
Pitching: RHP Rick Hernández
Pinch Hitting: SHB Richard Griffin 0-0: Ball
1-0: Ball
2-0: Ball
3-0: Base on Balls
José Arce to second
Batting: RHB Lakota O'Reilly 0-0: Ball
1-0: Swinging Strike
1-1: Sac Bunt - play at first, batter OUT! 1-4
José Arce to third
Richard Griffin to second
Batting: RHB Adam Davis 0-0: Fly out, F7 (Flyball, 7)
Runner from 3rd tags up, SCORES, throw made
Batting: RHB Brandon Pope 0-0: Foul Ball, location: 2F
0-1: Ball
1-1: DOUBLE (Line Drive, 3D)
Richard Griffin scores
Pitching: LHP Alejandro Flores
Batting: SHB Enrique Uribe 0-0: Ball
1-0: Called Strike
1-1: Ball
2-1: Ground out 4-3 (Groundball, 4M)
Top of the 7th over - 2 run(s), 1 hit(s), 0 error(s), 1 left on base; Riverside 4 - San Diego 2
BOTTOM OF THE 7TH
San Diego Smashers batting - Pitching for Riverside Red Bulls : RHP Máximo Salazar
Pitching: RHP Carlos Rodríguez
Now at SS: Luis Flores
Batting: RHB José Oliveira 0-0: Swinging Strike
0-1: Ball
1-1: Ball
2-1: Ball
3-1: Foul Ball, location: 2F
3-2: Foul Ball, location: 2F
3-2: Strikes out swinging
Batting: LHB Dale Miller 0-0: Swinging Strike
0-1: Ball
1-1: Called Strike
1-2: Strikes out looking
Batting: RHB Gerald Davis 0-0: Called Strike
0-1: Swinging Strike
0-2: Ball
1-2: Ball
2-2: Foul Ball, location: 2F
2-2: SINGLE (Flyball, 9LS)
Batting: RHB Fred Ameris 0-0: Ball
1-0: Foul Ball, location: 2F
1-1: Ball
Gerald Davis is caught stealing 2nd base
Bottom of the 7th over - 0 run(s), 1 hit(s), 0 error(s), 0 left on base; Riverside 4 - San Diego 2
TOP OF THE 8TH
Riverside Red Bulls batting - Pitching for San Diego Smashers : LHP Alejandro Flores
Batting: RHB Glenn Broadwater 0-0: Ground out 4-3 (Groundball, 4)
Batting: RHB Patrick Daniels 0-0: Fly out, F8 (Flyball, 8LXD)
Batting: RHB Luis Bustamante 0-0: Ball
1-0: Foul Ball, location: 2F
1-1: Foul Ball, location: 2F
1-2: Foul Ball, location: 2F
1-2: Ball
2-2: Fly out, F6 (Popup, 56)
Top of the 8th over - 0 run(s), 0 hit(s), 0 error(s), 0 left on base; Riverside 4 - San Diego 2
BOTTOM OF THE 8TH
San Diego Smashers batting - Pitching for Riverside Red Bulls : RHP Carlos Rodríguez
Batting: RHB Fred Ameris 0-0: Ground out 6-3 (Groundball, 6MS)
Batting: RHB Javier González 0-0: Ball
1-0: SINGLE (Groundball, 6MD)
Batting: LHB Michael Myers 0-0: Ball
1-0: Called Strike
1-1: Ball
2-1: Ball
3-1: Base on Balls
Javier González to second
Pinch Hitting: LHB Arthur MacDonald 0-0: Swinging Strike
0-1: Ball
1-1: Ball
Wild Pitch!
Javier González to third
Michael Myers to second
2-1: Swinging Strike
2-2: Foul Ball, location: 2F
2-2: Foul Ball, location: 2F
2-2: Ball
3-2: Base on Balls
Pinch Hitting: LHB John White 0-0: Called Strike
0-1: Called Strike
0-2: Ball
1-2: Ball
2-2: Ball
3-2: Base on Balls
Javier González scores
Michael Myers to third
Arthur MacDonald to second
Pinch Hitting: LHB Steven Smith 0-0: Foul Ball, location: 2F
0-1: SINGLE (Groundball, 34)
Michael Myers scores
Arthur MacDonald to third
John White to second
Pitching: RHP Juan Herrera
Batting: RHB José Oliveira 0-0: Called Strike
0-1: Ball
1-1: Foul Ball, location: 2F
1-2: Strikes out swinging
Batting: LHB Dale Miller 0-0: Ball
1-0: Called Strike
1-1: Ball
2-1: Ball
3-1: Ground out U3 (Groundball, 3)
Bottom of the 8th over - 2 run(s), 2 hit(s), 0 error(s), 3 left on base; Riverside 4 - San Diego 4
TOP OF THE 9TH
Riverside Red Bulls batting - Pitching for San Diego Smashers : LHP Alejandro Flores
Pitching: RHP Joe Shoemaker
Now at 3B: Fletcher Reed
Now in LF: Gonzalo Benítez
Now in RF: Arthur MacDonald
Pinch Hitting: LHB William Wolf 0-0: Ball
1-0: Called Strike
1-1: SINGLE (Line Drive, 3L)
Pinch Runner at 1st Donovan James:
Batting: RHB Luis Flores 0-0: Ball
Donovan James steals 2nd base
1-0: Intentional Walk
Batting: RHB Lakota O'Reilly 0-0: Called Strike
Donovan James steals 3rd base
Luis Flores to second
0-1: Foul Ball, location: 2F
0-2: Foul Ball, location: 2F
0-2: Foul Ball, location: 2F
0-2: Ball
1-2: Strikes out swinging
Batting: RHB Adam Davis 0-0: Called Strike
0-1: Called Strike
0-2: Ground out 6-3 (Groundball, 6)
Batting: RHB Brandon Pope 0-0: Ball
1-0: SINGLE (Groundball, 56D)
Donovan James scores
Luis Flores to third
Runner from 3rd tries for Home, SAFE, throw made home
Brandon Pope to second
Pitching: LHP Mike Stevens
Batting: SHB Enrique Uribe 0-0: Ball
1-0: Foul Ball, location: 2F
1-1: Called Strike
1-2: Strikes out swinging
Top of the 9th over - 2 run(s), 2 hit(s), 0 error(s), 1 left on base; Riverside 6 - San Diego 4
BOTTOM OF THE 9TH
San Diego Smashers batting - Pitching for Riverside Red Bulls : RHP Juan Herrera
Pitching: RHP Ricardo López
Now at C: Robert Stevens
Batting: RHB Gerald Davis 0-0: Ball
1-0: Foul Ball, location: 2F
1-1: Ball
2-1: Foul Ball, location: 2F
2-2: Foul Ball, location: 2F
2-2: Foul Ball, location: 2F
2-2: Ball
3-2: Base on Balls
Batting: RHB Fred Ameris 0-0: Foul Ball, location: 2F
0-1: Ball
1-1: Ball
Wild Pitch!
Gerald Davis to second
2-1: Ball
3-1: Called Strike
3-2: Base on Balls
Batting: RHB Javier González 0-0: Swinging Strike
0-1: Called Strike
0-2: Strikes out swinging
Batting: LHB Michael Myers 0-0: Foul Ball, location: 2F
0-1: Called Strike
0-2: Ball
1-2: Foul Ball, location: 2F
1-2: SINGLE (Groundball, 4MD)
Gerald Davis to third
Fred Ameris to second
Runner from 3rd tries for Home, SAFE, no throw
Batting: LHB Arthur MacDonald 0-0: Called Strike
0-1: Foul Ball, location: 2F
0-2: Ball
1-2: Fly out, F7 (Flyball, 78S)
Pinch Hitting: LHB Richard Brooks 0-0: Ball
1-0: Ball
2-0: Ball
3-0: Base on Balls
Fred Ameris to third
Michael Myers to second
Batting: LHB Gonzalo Benítez 0-0: Called Strike
0-1: Ball
1-1: Ball
2-1: Foul Ball, location: 2F
2-2: Strikes out swinging
Bottom of the 9th over - 1 run(s), 1 hit(s), 0 error(s), 3 left on base; Riverside 6 - San Diego 5
Tuesday, August 8th, 2017 - OOTP Baseball 17.12 Build 75